AoeStats
← eyupfc

Arabia

507966393Analyzed
1v1 RM · 12d ago on Sep 20, 2026· 52m 0s· 2 players
Game mode
Random Map
Map size
Tiny (2 player)
Population
200
Speed
Normal
Resources
Standard
Victory
Conquest
Starting age
Dark Age
Ending age
Imperial Age
RankedLock teamsTeams togetherTeam positionsShared explorationLock speedFull tech treeHidden civsTurbo modeCheats
Victory
Defeat
🇹🇷 Mapuche · Türkiye
1281
+15
🇬🇧 Bengalis · United Kingdom
1270
-15
DeceptiveWhale
7:21 Loom
9:50 Feudal Age
11:16 Double-Bit Axe
13:23 Horse Collar
13:50 Fletching
18:03 Scale Barding Armor
26:37 Castle Age
25:10 Gold Mining
26:04 Padded Archer Armor
28:38 Wheelbarrow
28:08 Bodkin Arrow
31:33 Heavy Plow
32:25 Town Watch
36:14 Stone Mining
36:15 Crossbowman
38:23 Ballistics
40:38 Imperial Age
40:13 Bloodlines
41:14 Paiks
41:20 Bracer
43:06 Husbandry
44:39 Chemistry
43:33 Elite Elephant Archer
44:45 Elite Skirmisher
46:08 Leather Archer Armor
48:05 Bow Saw
47:54 Elite Skirmisher
49:58 Siege Elephant
eyupfc
7:08 Loom
9:39 Feudal Age
9:57 Champi Runner
10:25 Double-Bit Axe
17:51 Fletching
19:24 Wheelbarrow
21:03 Castle Age
21:13 Pikeman
23:54 Bow Saw
23:45 Scale Mail Armor
30:22 Wheelbarrow
29:41 Arson
29:58 Gold Mining
32:07 Hand Cart
31:40 Champi Warrior
32:37 Chain Mail Armor
32:32 Forging
35:44 Imperial Age
33:01 Town Watch
34:46 Iron Casting
36:21 Gold Shaft Mining
35:44 Bodkin Arrow
36:02 Halberdier
40:02 Blast Furnace
40:56 Chemistry
40:37 Elite Kona
41:38 Conscription
41:32 Elite Skirmisher
43:24 Padded Archer Armor
43:07 Horse Collar
43:18 Stone Mining
43:12 Elite Champi Warrior
44:49 Leather Archer Armor
48:21 Plate Mail Armor
48:21 Ring Archer Armor
48:18 Malon
Connection lost

Rejoining the realm…

Still unreachable

The connection could not be restored.

Session expired

The server has moved on; the page needs a fresh start.